 Dungeon Crawl Stone Soup version 0.29-a0-322-g68df515428 (webtiles) character file.

Game seed: 16748288374509298531

59645 Armakuni the Slicer (level 15, 0/115 HPs)
             Began as a Human Brigand on Apr 8, 2022.
             Was an Initiate of Gozag.
             Slain by a redback (7 damage)
             ... on level 6 of the Lair of Beasts on Apr 9, 2022.
             The game lasted 00:57:49 (24417 turns).

Armakuni the Slicer (Human Brigand)                Turns: 24417, Time: 00:57:50

Health: 0/115      AC: 17    Str: 17    XL:     15   Next: 34%
Magic:  15/15      EV: 17    Int: 13    God:    Gozag
Gold:   1018       SH:  0    Dex: 27    Spells: 14/14 levels left

rFire   + + .      SeeInvis .   a - +8 rapier (freeze)
rCold   + . .      Faith    .   (no shield)
rNeg    . . .      Spirit   .   Q - +1 fire dragon scales
rPois   .          Reflect  .   A - +0 helmet of the Special Ears {rElec rCorr}
rElec   +          Harm     .   z - scarf {repulsion}
rCorr   +          Rampage  .   v - +2 pair of gloves
Will    +....                   (no boots)
Stlth   ++........              M - amulet of magic regeneration
HPRegen 0.29/turn               D - ring of Amustrieni {Dex+6 Slay+3}
MPRegen 0.54/turn               J - ring "Udua" {rC++ Dex+6}

@: studying Conjurations, repel missiles
A: no striking features
a: Renounce Religion, Potion Petition, Call Merchant, Bribe Branch


You were on level 6 of the Lair of Beasts.
You worshipped Gozag.
Gozag was most pleased with you.
You visited 3 branches of the dungeon, and saw 19 of its levels.

You collected 4988 gold pieces.
You spent 1559 gold pieces at shops.
You paid 2411 gold pieces to Gozag.

Inventory:

Hand Weapons
 a - a +8 rapier of freezing (weapon)
Missiles
 d - 87 poisoned darts (quivered)
 e - 28 boomerangs
 i - 5 throwing nets
 r - 6 atropa-tipped darts
 K - 3 curare-tipped darts
 L - 9 javelins
Armour
 v - a +2 pair of gloves (worn)
 z - a scarf of repulsion (worn)
 A - the +0 helmet of the Special Ears (worn) {rElec rCorr}
   (You found it on level 12 of the Dungeon)

   rElec:     It insulates you from electricity.
   rCorr:     It protects you from acid and corrosion.
 Q - +1 fire dragon scales (worn)
Jewellery
 D - the ring of Amustrieni (left hand) {Dex+6 Slay+3}
   (You found it on level 10 of the Dungeon)

   [ring of dexterity]

   Dex:       It affects your dexterity (+6).
   Slay:      It affects your accuracy & damage with ranged weapons and melee
   (+3).
 J - the ring "Udua" (right hand) {rC++ Dex+6}
   (You took it off a deep elf pyromancer on level 9 of the Dungeon)

   [ring of dexterity]

   Dex:       It affects your dexterity (+6).
   rC:        It greatly protects you from cold.
 M - an amulet of magic regeneration (around neck)
 P - a ring of poison resistance
Wands
 f - a wand of flame (15)
 j - a wand of iceblast (11)
 k - a wand of digging (10)
 I - a wand of polymorph (9)
 O - a wand of mindburst (10)
 R - a wand of charming (2)
Scrolls
 b - 3 scrolls of torment
 c - 6 scrolls of fear
 l - a scroll of amnesia
 n - a scroll of silence
 o - a scroll of fog
 t - 9 scrolls of teleportation
 G - 10 scrolls of identify
 N - 4 scrolls of immolation
 T - a scroll of vulnerability
Potions
 g - 13 potions of curing
 h - 2 potions of berserk rage
 m - 3 potions of lignification
 p - 3 potions of brilliance
 q - 2 potions of invisibility
 u - 3 potions of might
 w - 2 potions of mutation
 y - 3 potions of haste
 B - a potion of magic
 E - a potion of resistance
 H - 3 potions of ambrosia
 S - a potion of flight
Miscellaneous
 s - a box of beasts
 C - a phantom mirror (inert)


   Skills:
 - Level 10.0 Fighting
 - Level 14.0 Short Blades
 + Level 13.7 Throwing
 - Level 10.0 Armour
 - Level 10.0 Dodging
 - Level 4.0 Stealth
 - Level 5.0 Evocations


You had 14 spell levels left.
You didn't know any spells.
Your spell library contained the following spells:

 Spells                   Type           Power      Damage    Failure   Level
 Foxfire                  Conj/Fire      0%         2x1d4     71%         1
 Pain                     Necr           0%         1d4       71%         1
 Blink                    Tloc           0%         N/A       83%         2
 Corpse Rot               Necr/Air       0%         N/A       83%         2
 Scorch                   Fire           0%         2d5       83%         2
 Confusing Touch          Hex            0%         N/A       97%         3
 Conjure Flame            Conj/Fire      0%         6-21      97%         3
 Gell's Gravitas          Tloc           0%         N/A       97%         3
 Inner Flame              Hex/Fire       0%         N/A       97%         3
 Lesser Beckoning         Tloc           0%         N/A       97%         3
 Mephitic Cloud           Conj/Pois/Air  0%         N/A       97%         3
 Teleport Other           Tloc           0%         N/A       97%         3
 Dispel Undead            Necr           0%         3d6       100%        4
 Flame Wave               Conj/Fire      0%         2d4       100%        4
 Agony                    Necr           0%         N/A       100%        5
 Excruciating Wounds      Necr           0%         N/A       100%        5
 Fireball                 Conj/Fire      0%         3d3       100%        5
 Manifold Assault         Tloc           0%         N/A       100%        5
 Yara's Violent Unravell  Hex/Tmut       0%         3d3       100%        5
 Death Channel            Necr           0%         N/A       100%        6
 Dispersal                Tloc           0%         N/A       100%        6
 Summon Cactus Giant      Summ           0%         N/A       100%        6
 Enfeeble                 Hex            0%         N/A       100%        7
 Chain Lightning          Conj/Air       0%         N/A       100%        9


Dungeon Overview and Level Annotations

Branches:
Dungeon (12/15)            Temple (1/1) D:5            Lair (6/6) D:8
 Shoals (0/4) Lair:4       Spider (0/4) Lair:2        Slime (0/5) Lair:5
    Orc (0/2) D:12

Altars:
Ashenzari
Cheibriados
Dithmenos
Elyvilon
Fedhas
Gozag
Hepliaklqana
Kikubaaqudgha
Makhleb
Nemelex Xobeh
Okawaru
Qazlal
Ru
Sif Muna
Trog
Uskayaw
Vehumet
Wu Jian
Xom
Yredelemnul
Zin
The Shining One
Jiyva

Shops:
D:3 (   D:8 (   D:9 (   D:12 *   Lair:1 [?


Message History

The black mamba bites you!
* * * LOW HITPOINT WARNING * * *
The cane toad closely misses you. The cane toad barely misses you.
You feel much better.
You feel extremely sick. The black mamba closely misses you.
The redback misses you. The wolf spider hits you. The wolf spider bites you.
* * * LOW HITPOINT WARNING * * *
You are more poisoned.
The wolf spider poisons you! The cane toad stings you.
* * * LOW HITPOINT WARNING * * *
The black mamba barely misses you.
The redback bites you but does no damage.
The cane toad stings you.
* * * LOW HITPOINT WARNING * * *
The wolf spider barely misses you. The wolf spider bites you.
* * * LOW HITPOINT WARNING * * *
Unknown command.
Okay, then.
Blink to where?
Press: ? - help, Dir - move target
As you read the scroll of blinking, it crumbles to dust.
* * * LOW HITPOINT WARNING * * *
You feel extremely sick.
Something stings the fungus!
The fungus begins to die.
Okay, then.
You feel better.
The black mamba bites the fungus!
The fungus begins to die.
The guardian serpent coils itself and waves its upper body at you.
The cane toad blinks into view!
The black mamba blinks!
The redback blinks!
The wolf spider blinks!
The cane toad blinks!
Unknown command.
Unknown command.
As you read the scroll of fear, it crumbles to dust.
You assume a fearsome visage.
The guardian serpent looks frightened!
The black mamba looks frightened!
The cane toad looks frightened!
The wolf spider looks frightened!
The redback easily resists.
The cane toad looks frightened!
The redback completely misses you. The redback bites you!
You die...
Your body crumbles into a pile of gold.

.......#........##P..............
....#......P.#..#................
P...#..P..P..#...................
....##......##....##.............
.....#......#.....##..........PP.
#....##....##....##.PP........#.P
##....#....#....##...........###.
.##...##..##...##s...P......###.#
..##...# #...##@..S.#P.....#....
...##..####..##...s###P..........
#.......##..##F.F###.............
###..######....###...............
..#####......### ..P............
....##..PP§.## ....^..........
....##..PP§.# $...............
..#####.F..##### ..P............
###..###..###..###...............


You could see a wolf spider (inner flame, fleeing), a black mamba (inner flame,
fleeing), 2 cane toads and a redback (inner flame).

Vanquished Creatures
  4 hydras
  Harold (Lair:2)
  2 boulder beetles
  Fannar (Lair:1)
  Erolcha (D:12)
  2 centaur warriors
  3 two-headed ogres
  Urug (Lair:1)
  3 death yaks
  A wizard (D:9)
  A deep elf pyromancer (D:9)
  An ugly thing (D:12)
  2 manticores
  An elephant (Lair:2)
  2 oklob plants (Lair:2)
  A cyclops (D:11)
  A slime creature (D:12)
  8 black mambas
  3 gargoyles
  20 cane toads
  15 komodo dragons
  2 rime drakes
  A kobold demonologist (D:12)
  A tengu conjurer (D:9)
  4 trolls
  5 polar bears
  3 merfolk (Lair:4)
  A queen bee (Lair:2)
  4 hornets
  32 blink frogs
  Prince Ribbit (D:5)
  A jumping spider (Lair:2)
  2 shadows
  2 wraiths
  37 yaks
  11 wyverns
  2 basilisks (Lair:2)
  2 redbacks
  10 vampire mosquitoes
  A two-headed ogre zombie (D:12)
  27 water moccasins
  Duvessa (D:5)
  An ice beast (D:8)
  2 black bears
  5 orc warriors
  4 wolves (Lair:2)
  An ogre (D:7)
  A centaur (D:9)
  2 phantoms
  6 kobold brigands
  Blork the orc (D:5)
  A gnoll sergeant (D:10)
  15 bullfrogs
  A necrophage (D:4)
  3 scorpions
  2 troll zombies (D:12)
  15 wights
  Dowan (D:5)
  A jelly (D:6)
  37 killer bees
  5 howler monkeys
  3 electric eels
  6 orc priests
  5 hounds
  2 gnoll shamans
  2 iguanas (D:5)
  9 orc wizards
  Terence (D:2)
  5 ogre zombies (D:12)
  6 gnolls
  4 adders
  2 river rats
  2 shadow imps (D:7)
  An ufetubus (D:5)
  2 worms
  3 dart slugs
  37 orcs
  9 ball pythons
  5 bats
  10 endoplasms
  9 giant cockroaches
  17 goblins
  8 hobgoblins
  4 jackals (D:3)
  28 kobolds
  6 quokkas
  3 frilled lizards
  A goblin skeleton (D:12)
  A goblin zombie (D:12)
  A hobgoblin skeleton (D:12)
  4 hobgoblin zombies (D:12)
  18 orc zombies (D:12)
  10 rats
552 creatures vanquished.

Vanquished Creatures (collateral kills)
  2 hydras
  A merfolk siren (Lair:4)
  A slime creature (D:12)
  A wyvern (Lair:6)
  2 orcs (D:5)
7 creatures vanquished.

Vanquished Creatures (others)
  Psyche (D:8)
  A kobold (D:8)
  28 fungi
  53 plants
83 creatures vanquished.

Grand Total: 642 creatures vanquished

Notes
Turn   | Place    | Note
-------+----------+-------------------------------------------
     0 | D:1      | Armakuni the Human Brigand began the quest for the Orb.
     0 | D:1      | Reached XP level 1. HP: 16/16 MP: 1/1
   228 | D:1      | Reached XP level 2. HP: 23/23 MP: 2/2
   711 | D:1      | Reached XP level 3. HP: 25/29 MP: 3/3
  1372 | D:2      | Found a faded altar of an unknown god.
  1482 | D:2      | You fall into a shaft and drop 1 floor!
  1538 | D:3      | Noticed Terence
  1548 | D:2      | Killed Terence
  1549 | D:2      | Reached XP level 4. HP: 25/37 MP: 4/4
  2299 | D:2      | Reached XP level 5. HP: 43/43 MP: 5/5
  2699 | D:3      | Reached skill level 5 in Fighting
  2939 | D:3      | Found Uhaetu's Antique Weapon Shop.
  3154 | D:3      | Found a glowing silver altar of Zin.
  3566 | D:4      | Noticed a bullfrog
  3577 | D:4      | Killed a bullfrog
  3578 | D:4      | Reached skill level 3 in Short Blades
  3578 | D:4      | Reached XP level 6. HP: 46/51 MP: 6/6
  3817 | D:4      | Reached skill level 4 in Short Blades
  4124 | D:4      | Reached skill level 5 in Short Blades
  4357 | D:4      | Found an ancient bone altar of Kikubaaqudgha.
  4514 | D:4      | Reached XP level 7. HP: 49/56 MP: 7/7
  4604 | D:5      | Entered Level 5 of the Dungeon
  4690 | D:5      | Found a staircase to the Ecumenical Temple.
  4709 | Temple   | Entered the Ecumenical Temple
  4842 | Temple   | Became a worshipper of Gozag Ym Sagoz the Greedy
  4952 | D:5      | Found a shimmering blue altar of Sif Muna.
  5006 | D:5      | Noticed Duvessa
  5006 | D:5      | Noticed Blork the orc
  5016 | D:5      | Noticed Dowan
  5021 | D:5      | Killed Duvessa
  5037 | D:5      | Killed Blork the orc
  5046 | D:5      | Killed Dowan
  5047 | D:5      | Reached skill level 5 in Throwing
  5238 | D:5      | Reached XP level 8. HP: 48/62 MP: 8/8
  5456 | D:5      | Noticed Prince Ribbit
  5469 | D:5      | Killed Prince Ribbit
  5470 | D:5      | Reached skill level 6 in Short Blades
  5988 | D:6      | Reached skill level 7 in Short Blades
  6242 | D:6      | Noticed a shadow
  6250 | D:6      | Killed a shadow
  6251 | D:6      | Reached skill level 8 in Short Blades
  6251 | D:6      | Reached XP level 9. HP: 40/68 MP: 9/9
  6449 | D:6      | Identified the +6 whip "Cocsoed" {holy, Int+2}
  6498 | D:6      | Reached skill level 9 in Short Blades
  7040 | D:7      | Reached skill level 10 in Short Blades
  7831 | D:8      | Reached skill level 11 in Short Blades
  7914 | D:8      | Noticed Psyche
  7937 | D:8      | Killed Psyche
  7938 | D:8      | Reached XP level 10. HP: 74/74 MP: 10/10
  8128 | D:8      | Reached skill level 12 in Short Blades
  8462 | D:8      | Found a staircase to the Lair.
  8675 | D:8      | Found Afesus's Weapon Shop.
  8825 | Lair:1   | Entered Level 1 of the Lair of Beasts
  8829 | Lair:1   | Noticed Urug
  8832 | Lair:1   | Noticed a black mamba
  8845 | Lair:1   | Killed a black mamba
  8849 | Lair:1   | Killed Urug
  8850 | Lair:1   | Reached skill level 13 in Short Blades
  9093 | Lair:1   | Noticed a black mamba
  9105 | Lair:1   | Killed a black mamba
  9163 | Lair:1   | Noticed a black mamba
  9164 | Lair:1   | Noticed a komodo dragon
  9173 | Lair:1   | Killed a black mamba
  9190 | Lair:1   | Killed a komodo dragon
  9191 | Lair:1   | Reached skill level 14 in Short Blades
  9365 | Lair:1   | Noticed Fannar
  9384 | Lair:1   | Killed Fannar
  9385 | Lair:1   | Reached XP level 11. HP: 71/82 MP: 11/11
 10468 | Lair:2   | Noticed a six-headed hydra
 11245 | Lair:2   | Noticed a five-headed hydra
 11499 | Lair:1   | Reached skill level 10 in Fighting
 11832 | D:9      | Noticed a two-headed ogre
 11841 | D:9      | Killed a two-headed ogre
 11842 | D:9      | Reached skill level 1 in Armour
 12406 | D:9      | Reached XP level 12. HP: 44/94 MP: 12/12
 12657 | D:9      | Noticed a two-headed ogre
 12664 | D:9      | Killed a two-headed ogre
 12799 | D:9      | Identified the ring "Udua" {rC++ Dex+6}
 12804 | D:9      | Noticed an eight-headed hydra
 12818 | D:9      | Reached skill level 5 in Armour
 12818 | D:9      | Reached skill level 5 in Dodging
 12818 | D:9      | Killed an eight-headed hydra
 12977 | D:9      | Got the Papyrus of Lightness and the Volcanoes
 13050 | D:9      | Found an ornate altar of the Wu Jian Council.
 13374 | D:9      | Bought a runed long sword for 182 gold pieces
 13381 | D:10     | Entered Level 10 of the Dungeon
 13662 | D:10     | Identified the ring of Amustrieni {Dex+6 Slay+3}
 14631 | D:11     | Noticed a centaur warrior
 14633 | D:11     | Killed a centaur warrior
 14956 | D:12     | Found a shadowy altar of Dithmenos.
 15106 | D:12     | Noticed a two-headed ogre
 15217 | D:12     | Killed a two-headed ogre
 15218 | D:12     | Reached XP level 13. HP: 67/103 MP: 13/13
 15428 | D:12     | Identified the ring "Ampuwooh" {Ice rElec Str-5 SInv}
 15450 | D:12     | Noticed a six-headed hydra
 15457 | D:12     | Killed a six-headed hydra
 15484 | D:12     | Found a staircase to the Orcish Mines.
 15573 | D:12     | Reached skill level 1 in Evocations
 15689 | D:12     | Noticed a centaur warrior
 15699 | D:12     | Killed a centaur warrior
 15795 | D:12     | Noticed a boulder beetle
 15805 | D:12     | Identified the +0 helmet of the Special Ears {rElec rCorr}
 15836 | D:12     | Killed a boulder beetle
 15923 | D:12     | Found Odenwon's Assorted Antiques.
 16186 | D:12     | Found a snail-covered altar of Cheibriados.
 16246 | D:12     | Noticed Erolcha
 16251 | D:12     | Killed Erolcha
 16393 | D:12     | Found a radiant altar of Vehumet.
 16402 | D:12     | Reached skill level 10 in Dodging
 16676 | Lair:1   | Bought +1 fire dragon scales for 1072 gold pieces
 16718 | Lair:2   | Killed a six-headed hydra
 16719 | Lair:2   | Reached skill level 5 in Evocations
 16732 | Lair:2   | Killed a five-headed hydra
 16914 | Lair:2   | Found a hole to the Spider Nest.
 17826 | Lair:2   | Reached XP level 14. HP: 75/110 MP: 14/14
 17997 | Lair:2   | Noticed Harold
 18012 | Lair:2   | Killed Harold
 18572 | Lair:3   | Reached skill level 10 in Armour
 18664 | Lair:3   | Identified a scroll of acquirement
 18664 | Lair:3   | Acquired a manual of Conjurations
 19937 | Lair:4   | Reached skill level 10 in Throwing
 20444 | Lair:4   | Found a staircase to the Shoals.
 20931 | Lair:1   | Bought a scroll of brand weapon for 260 gold pieces
 20938 | Lair:1   | Bought a scroll of immolation for 45 gold pieces
 21646 | Lair:5   | Found a viscous altar of Jiyva.
 21646 | Lair:5   | Found a staircase to the Slime Pits.
 22287 | Lair:6   | Entered Level 6 of the Lair of Beasts
 22826 | Lair:6   | Reached XP level 15. HP: 38/115 MP: 15/15
 24415 | Lair:6   | HP: 1/115 [poisoned by a wolf spider]
 24417 | Lair:6   | Slain by a redback

Illustrated notes

Levels and vault maps discovered:
D:1:      amcnicky_arrival_choice, layout_basic
D:2:      layout_basic, hellmonk_ecumenical_altar_blasted, minmay_statues_item,
          minmay_quantized
D:3:      layout_basic, marbit_many_paths, gup_sewer_entry_spiral, serial_shops,
          nicolae_shop_behind_doors, uniq_terence
D:4:      layout_basic, mainiacjoe_overflow_boulevard, chequers_arboretum,
          hangedman_decor_points
D:5:      layout_basic, old_standard_altar, minmay_temple_entry_overgrown,
          uniq_duvessa, uniq_blork_the_orc, uniq_prince_ribbit1
D:6:      layout_basic
D:7:      layout_loops_ring, serial_glass, glass_columns_a, glass_columns_b,
          glass_columns_c, glass_columns_a, glass_columns_a, glass_columns_a,
          nicolae_water_bricks
D:8:      layout_basic, lair_entry_dummy, enter_bailey_5, serial_shops,
          nicolae_shop_trees, minmay_misc_feat_doors, uniq_psyche
D:9:      minmay_the_grid_triangle_9x9_rhombus_thin_mashed
          [minmay_the_grid_triangle_9x9_checkered,
          minmay_the_grid_triangle_9x9_prize_insulated,
          minmay_the_grid_triangle_9x9_steps,
          minmay_the_grid_triangle_9x9_sparse_checkered], layout_gridville,
          nicolae_wu_jian_immortal_techniques
D:10:     layout_roguey, serial_curves, eino_curves_04, eino_curves_03,
          water_boxes_lemuel
D:11:     layout_basic, serial_bayou_pond_c
D:12:     layout_gridville, zombieorc2_lemuel, serial_shops, nicolae_shop_stone,
          hangedman_feature_mirror, kennysheep_slug_shrine, uniq_erolcha
Temple:   mainiacjoe_temple_coin_purse
Lair:1:   layout_cave_pods, gauntlet_entry_generic, lemuel_fruit_tree,
          uniq_fannar, uniq_urug
Lair:2:   regret_index_harrowing_hell_hive, layout_misc_corridors,
          spider_nest_entry_a, grunt_megastairs_2, uniq_harold
Lair:3:   layout_regular_city, chequers_serial_rivers_large_b,
          grunt_megastairs_1
Lair:4:   layout_regular_city, elwin_shoals_entry_stream
Lair:5:   layout_layer_cave, dpeg_slime_entry_enclosed_altar, minmay_holes,
          grunt_megastairs_4
Lair:6:   hangedman_lair_tendril_chambers, layout_hall_layers

Skill      XL: |  1  2  3  4  5  6  7  8  9 10 11 12 13 14 15 |
---------------+----------------------------------------------+-----
Fighting       | 3 4 5 6 10 | 10.0
Short Blades   | 3 5 8 11 14 | 14.0
Throwing       | 5 7 12 13 | 13.7
Armour         | 3 5 8 10 | 10.0
Dodging        | 3 8 10 | 10.0
Evocations     | 5 |  5.0
Stealth        | |  4.0

Action                   |  1- 3 |  4- 6 |  7- 9 | 10-12 | 13-15 || total
-------------------------+-------+-------+-------+-------+-------++-------
Melee: Dagger            |    90 |   217 |    30 |       |       ||   337
       Punch             |       |     1 |     3 |    10 |    14 ||    28
       Rapier            |       |       |   201 |   575 |   771 ||  1547
Throw: Dart              |     3 |    33 |    19 |    17 |    10 ||    82
       Throwing net      |     2 |     2 |     1 |       |       ||     5
       Boomerang         |       |       |    23 |    26 |    88 ||   137
       Javelin           |       |       |       |     2 |       ||     2
Invok: Call Merchant     |       |       |       |     2 |     1 ||     3
Evoke: Wand              |       |       |     1 |    21 |    15 ||    37
       Box of beasts     |       |       |       |       |     2 ||     2
       Phantom mirror    |       |       |       |       |     2 ||     2
  Use: Scroll            |     1 |    13 |     5 |    13 |     9 ||    41
       Potion            |       |       |     2 |     2 |     5 ||     9
 Stab: Sleeping          |     5 |     7 |     4 |     3 |     2 ||    21
       Held in net/web   |     1 |       |     2 |       |       ||     3
       Distracted        |       |       |       |     1 |    15 ||    16
       Betrayed ally     |       |       |       |       |     1 ||     1
Armor: Robe              |    22 |     3 |       |       |       ||    25
       Ring mail         |       |    71 |    87 |   131 |    31 ||   320
       Fire dragon scale |       |       |       |       |   104 ||   104
Dodge: Dodged            |    45 |    88 |    87 |   266 |   388 ||   874
       Repelled          |       |       |       |     4 |     3 ||     7

Table legend: (Time is in decaauts)
 A = Elapsed time spent in this place.
 B = Non-inter-level travel time spent in this place.
 C = Inter-level travel time spent in this place.
 D = Time resting spent in this place.
 E = Time spent auto-exploring this place.
 F = Levels seen in this place.
 G = Mean time per level.
                   A        B        C        D        E       F      G
               +--------+--------+--------+--------+--------+-----+--------+
         Total |  23756 |  22921 |    835 |   3530 |  14825 |  19 | 1250.3 |
       Dungeon |  13390 |  13016 |    374 |   1799 |   8282 |  12 | 1115.8 |
        Temple |    145 |    134 |     11 |      0 |     86 |   1 |  145.0 |
          Lair |  10220 |   9770 |    450 |   1731 |   6457 |   6 | 1703.3 |
               +--------+--------+--------+--------+--------+-----+--------+

Top non-repeatable levels by time:
  Lair:1: 2723 daAuts
  Lair:6: 1750 daAuts
  Lair:2: 1565 daAuts
  Lair:5: 1539 daAuts
    D:12: 1474 daAuts
     D:9: 1445 daAuts
  Lair:3: 1340 daAuts
     D:1: 1339 daAuts
  Lair:4: 1301 daAuts
     D:8: 1286 daAuts
     D:2: 1203 daAuts
     D:5: 1188 daAuts
     D:4: 1077 daAuts
     D:3: 979 daAuts
    D:10: 956 daAuts
